 Dungeon Crawl Stone Soup version 0.23.1 (webtiles) character file.

Game seed: 8384142370987926540

97 Borgoz the Sneak (level 4, -4/35 HPs)
             Began as a Ghoul Enchanter on Mar 14, 2019.
             Slain by an orc priest
             ... wielding a +2 falchion of slicing
              (8 damage)
             ... on level 3 of the Dungeon.
             The game lasted 00:03:48 (2401 turns).

Borgoz the Sneak (Ghoul Enchanter)                  Turns: 2401, Time: 00:03:48

Health: -4/35      AC:  4    Str: 11    XL:     4   Next: 68%
Magic:  1/5        EV: 12    Int: 10    God:
Gold:   107        SH:  0    Dex: 10    Spells: 3/6 levels left

rFire    . . .     SeeInvis .   a - +1 dagger
rCold    + . .     Gourm    .   (no shield)
rNeg     + + +     Faith    .   l - +0 leather armour
rPois    ∞         Spirit   .   f - +0 helmet
rElec    .         Reflect  .   (no cloak)
rCorr    .         Harm     .   (no gloves)
MR       .....                  (no boots)
Stlth    ++........             e - amulet of the acrobat
HPRegen  0.00/turn              (no ring)
MPRegen  0.09/turn              (no ring)

@: very slightly contaminated, rotting
A: rotting body, claws 1, carnivore, cold resistance 1, negative energy
resistance 3, inhibited regeneration, torment resistance, unbreathing
a: no special abilities


You were on level 3 of the Dungeon.
You were not hungry.

You visited 1 branch of the dungeon, and saw 3 of its levels.

You collected 107 gold pieces.

Inventory:

Hand Weapons
 a - a +1 dagger (weapon)
Armour
 b - a +0 robe
 f - a +0 helmet (worn)
 l - a +0 leather armour (worn)
Jewellery
 e - an amulet of the acrobat (around neck)
 n - a cursed ring of teleportation {unknown}
Scrolls
 c - 3 scrolls of amnesia {unknown}
 g - a scroll of noise {unknown}
 h - 2 scrolls of identify {unknown}
 i - a scroll of remove curse {unknown}
 j - 2 scrolls of teleportation {unknown}
 k - a scroll of enchant armour {unknown}
 m - a scroll of random uselessness {unknown}
 o - a scroll of magic mapping {unknown}
Comestibles
 d - 3 rations


   Skills:
 + Level 1.1 Fighting
 * Level 2.6 Short Blades
 + Level 1.5 Armour
 + Level 2.5 Dodging
 - Level 3.2 Stealth
 - Level 1.7 Spellcasting
 - Level 2.4 Hexes


You had 3 spell levels left.
You knew the following spells:

 Your Spells              Type           Power        Failure   Level  Hunger
a - Corona                Hex            #......      16%         1    ##.....
b - Ensorcelled Hibernat  Hex/Ice        #.....       36%         2    ###....

Your spell library contained the following spells:

 Spells                   Type           Power        Failure   Level  Hunger
 Confuse                  Hex            #.......     43%         3    ####...
 Tukima's Dance           Hex            #.......     43%         3    ####...
 Dazzling Spray           Conj/Hex       #.....       61%         3    ####...


Dungeon Overview and Level Annotations

Branches:
Dungeon (3/15)

Altars:
Gozag
Kikubaaqudgha


Innate Abilities, Weirdness & Mutations

Your body is rotting away.
You thrive on raw meat.
You are immune to poison.
You have sharp fingernails.
You are carnivorous and can eat meat at any time.
Your flesh is cold resistant. (rC+)
You are immune to negative energy. (rN+++)
You do not regenerate when monsters are visible.
You are immune to unholy pain and torment.
You can survive without breathing.


Message History

The orc priest easily resists.
Casting: Ensorcelled Hibernation (safe; 36% risk of failure)
Confirm with . or Enter, or press ? or * to list all spells.
You don't have enough magic to cast that spell.
Unknown command.
You hit the orc priest.
The orc priest is moderately wounded.
The orc priest hits you but does no damage.
You closely miss the orc priest.
The orc priest is moderately wounded.
The orc priest hits you with a +2 falchion of slicing.
* * * LOW HITPOINT WARNING * * *
x2
Casting: Ensorcelled Hibernation (safe; 36% risk of failure)
Confirm with . or Enter, or press ? or * to list all spells.
You don't have enough magic to cast that spell.
Unknown command.
You closely miss the orc priest.
The orc priest is moderately wounded.
The orc priest hits you with a +2 falchion of slicing!
You die...

#.......#.#.######
#................#
##(####.#.#.####.#
#.# ##....# #.#
##.######.#.# #.#
......÷.#.#.# #.#
##.####.#.#.# #.#
#.#.###.# #.# #)#
.###.##.# ..
##@######.
#.#.###.#
#.o....... ##.##
#.# ##.....### #.#
#.# #..P...#.
##.## #.#
#).P.....#
#...###.#
#..PP#....#
........#
..!.P##.._.#
#...##### ###....
....# ##.## #.P...
...#


You could see an orc priest.

Vanquished Creatures
  4 adders
  A worm (D:2)
  2 dart slugs (D:1)
  4 orcs (D:3)
  5 bats
  2 giant cockroaches
  8 goblins
  6 hobgoblins
  3 jackals (D:2)
  3 kobolds
  A quokka (D:2)
  5 frilled lizards
  5 rats
49 creatures vanquished.

Notes
Turn   | Place    | Note
-------+----------+-------------------------------------------
     0 | D:1      | Borgoz the Ghoul Enchanter began the quest for the Orb.
     0 | D:1      | Reached XP level 1. HP: 14/14 MP: 2/2
    21 | D:1      | Reached skill level 1 in Short Blades
    92 | D:1      | Reached XP level 2. HP: 20/20 MP: 3/3
    99 | D:1      | Learned a level 2 spell: Ensorcelled Hibernation
   773 | D:1      | Reached XP level 3. HP: 23/26 MP: 4/4
   824 | D:1      | Reached skill level 1 in Armour
  1778 | D:2      | Reached XP level 4. HP: 26/33 MP: 0/5
  2129 | D:3      | Found an opulent altar of Gozag.
  2174 | D:3      | Reached skill level 1 in Fighting
  2343 | D:3      | Found an ancient bone altar of Kikubaaqudgha.
  2401 | D:3      | Slain by an orc priest

Skill      XL: |  1  2  3  4 |
---------------+-------------+-----
Short Blades   | 1 2 |  2.6
Dodging        | 2 |  2.5
Armour         | 1 |  1.5
Fighting       | 1 |  1.1
Stealth        | |  3.2
Spellcasting   | |  1.7
Hexes          | |  2.4

Action                   |  1- 3 |  4- 6 || total
-------------------------+-------+-------++-------
Melee: Dagger            |   197 |    88 ||   285
 Cast: Ensorcelled Hiber |     2 |     1 ||     3
 Stab: Sleeping          |     3 |     2 ||     5
       Distracted        |     1 |     1 ||     2
  Eat: Chunk             |    16 |     6 ||    22
Armor: Robe              |    19 |       ||    19
       Leather armour    |    20 |    13 ||    33
Dodge: Dodged            |   143 |    45 ||   188
